 Dungeon Crawl Stone Soup version 0.28-a0-406-g4bac719ec2 (webtiles) character file.

Game seed: 1119333887701478122

0 Gargoyl the Skirmisher (level 1, -1/34 HPs)
             Began as a Gnoll Abyssal Knight on Sept 5, 2021.
             Was a Follower of Lugonu.
             Constricted to death by a starspawn tentacle (2 damage)
             ... attached to a tentacled starspawn
             ... on level 2 of the Abyss.
             The game lasted 00:00:15 (58 turns).

Gargoyl the Skirmisher (Gnoll Abyssal Knight)         Turns: 58, Time: 00:00:16

Health: -1/34      AC: 20    Str: 11    XL:     1   Next: 0%
Magic:  3/3        EV: -1    Int: 11    God:    Lugonu [*.....]
Gold:   0          SH:  0    Dex: 11    Spells: 0/0 levels left

rFire   . . .      SeeInvis .   a - +1 hand axe
rCold   . . .      Faith    .   (no shield)
rNeg    + + +      Spirit   .   (armour currently unavailable)
rPois   +          Reflect  .   (helmet currently unavailable)
rElec   .          Harm     .   (cloak currently unavailable)
rCorr   .          Rampage  .   (gloves currently unavailable)
Will    .....      NoTele   +   (boots currently unavailable)
Stlth   +.........              (no amulet)
HPRegen 0.11/turn               (no ring)
MPRegen 0.08/turn               (no ring)

@: tree-form, constricted
A: stationary, stasis, torment immunity, boosted hp, (fangs 1), strong nose,
distributed training
a: Renounce Religion, Depart the Abyss


You were on level 2 of the Abyss.
You worshipped Lugonu.
Lugonu was aware of your devotion.
You were a tree.
You visited 0 branches of the dungeon, and saw 0 of its levels.
You visited the Abyss 1 time.

Inventory:

Hand Weapons
 a - a +1 hand axe (weapon)
Armour
 b - a +0 leather armour (melded)
Potions
 c - a potion of lignification


   Skills:
 + Level 6.4 Fighting
 + Level 0.0 Short Blades
 + Level 0.0 Long Blades
 + Level 4.4 Axes
 + Level 0.0 Maces & Flails
 + Level 0.0 Polearms
 + Level 0.0 Staves
 + Level 0.0 Slings
 + Level 0.0 Bows
 + Level 0.0 Crossbows
 + Level 0.0 Throwing
 + Level 4.4 Armour
 + Level 2.3 Dodging
 + Level 0.0 Stealth
 + Level 0.0 Shields
 + Level 0.0 Unarmed Combat
 + Level 0.0 Spellcasting
 + Level 0.0 Conjurations
 + Level 0.0 Hexes
 + Level 0.0 Summonings
 + Level 0.0 Necromancy
 + Level 0.0 Translocations
 + Level 0.0 Transmutations
 + Level 0.0 Fire Magic
 + Level 0.0 Ice Magic
 + Level 0.0 Air Magic
 + Level 0.0 Earth Magic
 + Level 0.0 Poison Magic
 + Level 4.4 Invocations
 + Level 0.0 Evocations


You couldn't memorise any spells.
You didn't know any spells.
Your spell library was empty.

Dungeon Overview and Level Annotations

Branches:
Dungeon (0/15)

Altars:


Innate Abilities, Weirdness & Mutations

You are a tree.
Your roots penetrate the ground, keeping you stationary.
You cannot be teleported.
You are immune to unholy pain and torment.
Your maximum health is greatly increased.
Your equipment is partially melded.
((You have very sharp teeth.))
Your uncanny sense of smell can sniff out nearby items.
Your experience applies equally to all skills.


Message History

Your +0 leather armour melds into your body.
Your roots penetrate the ground.
The starspawn tentacle grabs you. The starspawn tentacle constricts you.
You hit the starspawn tentacle.
The starspawn tentacle is moderately damaged.
You hit the tentacled starspawn.
The starspawn tentacle loses its grip on you.
The starspawn tentacle grabs you. The starspawn tentacle constricts you.
The tentacled starspawn bites you but does no damage.
The tentacled starspawn tentacle-slaps you.
You hit the tentacled starspawn.
The starspawn tentacle loses its grip on you.
The tentacled starspawn is lightly damaged.
You barely miss the starspawn tentacle.
The starspawn tentacle barely misses you.
A tentacle flies out from the starspawn's body!
A starspawn tentacle comes into view.
You barely miss the tentacled starspawn.
The tentacled starspawn is lightly damaged.
You hit the starspawn tentacle but do no damage.
The starspawn tentacle grabs you. The starspawn tentacle constricts you.
The tentacled starspawn bites you!!
Ouch! That really hurt!
* * * LOW HITPOINT WARNING * * *
The tentacled starspawn tentacle-slaps you but does no damage.
You hit the tentacled starspawn.
The starspawn tentacle loses its grip on you.
The tentacled starspawn is lightly damaged.
You hit the starspawn tentacle. The starspawn tentacle grabs you.
The starspawn tentacle constricts you.
The tentacled starspawn bites you but does no damage.
The tentacled starspawn tentacle-slaps you!
* * * LOW HITPOINT WARNING * * *
Unknown command.
You hit the tentacled starspawn but do no damage.
The starspawn tentacle loses its grip on you.
The tentacled starspawn is lightly damaged.
You hit the starspawn tentacle but do no damage.
The starspawn tentacle grabs you. The starspawn tentacle constricts you.
You die...

.. ... . ... ...
.. .. ##..##..##
.# ..#
#.#......##. ...#
.......#.. #....
............#..
..........##.#
............#
.....## ##♣##
.......#.##Xw.##
.. .. .w─ ##│....
#.(.. .##│.#..#
.# ..w...#...#.
...
....#│##─X#.....
..
.#..#.──##>......
# #......
#/.#.#...#
...#.#..# ..


You could see a tentacled starspawn and a starspawn tentacle.

Vanquished Creatures (others)
  2 starspawn tentacles (Abyss:2)
2 creatures vanquished.

Notes
Turn   | Place    | Note
-------+----------+-------------------------------------------
     0 | Abyss:1  | Gargoyl the Gnoll Abyssal Knight began the quest for the
                  | Orb.
     0 | Abyss:1  | Reached XP level 1. HP: 23/23 MP: 3/3
    38 | Abyss:2  | Noticed a tentacled starspawn
    57 | Abyss:2  | HP: 1/34 [tentacled starspawn (8)]
    58 | Abyss:2  | Constricted to death by a starspawn tentacle

Illustrated notes

Levels and vault maps discovered:
Abyss:2:  base: Temple, onia_ninara_dug_in_and_dangerous

Action                   || total
-------------------------++-------
Melee: Hand axe          ||     5
  Use: Potion            ||     2
Armor: Skin              ||     3
Dodge: Dodged            ||     2

Table legend: (Time is in decaauts)
 A = Elapsed time spent in this place.
 B = Non-inter-level travel time spent in this place.
 C = Inter-level travel time spent in this place.
 D = Time resting spent in this place.
 E = Time spent auto-exploring this place.
 F = Levels seen in this place.
 G = Mean time per level.
                   A        B        C        D        E       F      G
               +--------+--------+--------+--------+--------+-----+--------+
         Total |     58 |     58 |      0 |      0 |     29 |   2 |   29.0 |
         Abyss |     58 |     58 |      0 |      0 |     29 |   2 |   29.0 |
               +--------+--------+--------+--------+--------+-----+--------+

Top non-repeatable levels by time:
 Abyss:1: 31 daAuts
 Abyss:2: 27 daAuts
